 Dungeon Crawl Stone Soup version 0.30.1 (webtiles) character file.

Game seed: 6078946052846106153

396 AgateBread the Trooper (level 6, -4/68 HPs)
             Began as an Ogre Monk on July 7, 2023.
             Slain by an ogre
             ... wielding a +0 giant club
              (12 damage)
             ... on level 5 of the Dungeon.
             The game lasted 00:08:00 (3868 turns).

AgateBread the Trooper (Ogre Monk)                  Turns: 3868, Time: 00:08:01

Health: -4/68      AC:  7    Str: 16    XL:     6   Next: 83%
Magic:  6/6        EV: 11    Int: 13    God:
Gold:   208        SH:  5    Dex: 11    Spells: 5/5 levels left

rFire   . . .        a - +0 hand axe
rCold   . . .        d - orb {light}
rNeg    . . .        b - +0 robe
rPois   .            (helmet restricted)
rElec   .            (no cloak)
rCorr   .            (gloves unavailable)
SInv    .            (boots unavailable)
Will    .....        f - amulet of reflection
Stlth   +            n - ring of wizardry
HPRegen 0.31/turn    o - +4 ring of protection
MPRegen 0.10/turn

%: reflection, wizardry (x1)
@: mighty, glowing
A: large, unfitting armour, tough skin 1
a: no special abilities


You were on level 5 of the Dungeon.
You visited 1 branch of the dungeon, and saw 5 of its levels.

You collected 208 gold pieces.

Inventory:

Hand Weapons
 a - a +0 hand axe (weapon)
 l - a +2 flail of distortion
Missiles
 g - 6 poisoned darts (quivered)
Armour
 b - a +0 robe (worn)
 d - an orb of light (worn)
Magical Staves
 u - a staff of earth
Jewellery
 f - an amulet of reflection (around neck)
 n - a ring of wizardry (left hand)
 o - a +4 ring of protection (right hand)
Wands
 t - a wand of polymorph (6)
Scrolls
 i - a scroll of vulnerability
 j - a scroll of amnesia {unknown}
 r - a scroll of teleportation {unknown}
 s - a scroll of identify {unknown}
Potions
 c - a potion of ambrosia
 e - a potion of flight {unknown}
 h - a potion of haste {unknown}
 k - a potion of degeneration {unknown}
 m - a potion of heal wounds {unknown}
 q - a potion of berserk rage {unknown}


   Skills:
 + Level 6.5 Fighting
 + Level 4.9 Axes
 + Level 4.4 Dodging


You had 5 spell levels left.
You didn't know any spells.
Your spell library contained the following spells:

 Spells                   Type           Power      Damage    Failure   Level
 Magic Dart               Conj           0%         1d3       12%         1
 Searing Ray              Conj           0%         2d4       19%         2
 Fulminant Prism          Conj/Hex       0%         3d5       73%         4


Dungeon Overview and Level Annotations

Branches:
Dungeon (5/15)
 Temple: D:4-7

Altars:
Elyvilon


Innate Abilities, Weirdness & Mutations

You are too large for most types of armour.
You have tough skin. (AC +1)


Message History

You hit Sigmund but do no damage.
Sigmund is lightly wounded.
Sigmund hits you but does no damage. x2
You hit Sigmund.
Sigmund is lightly wounded.
Sigmund hoots and howls with incredible vigour!
You hear a shout! x2
You hit Sigmund.
Sigmund is lightly wounded.
You block Sigmund's attack.
You slash Sigmund!
Sigmund is severely wounded.
Sigmund hits you.
You slash Sigmund!
You kill Sigmund!
Sigmund returns to his original shape as he dies.
You see here the human corpse of Sigmund.
Things that are here:
a +0 scythe; a +0 robe
g - 4 poisoned darts (gained 1)
g - 5 poisoned darts (gained 1)
g - 6 poisoned darts (gained 1)
An ogre comes into view. It is wielding a +0 giant club.
You hit the ogre.
The ogre is moderately wounded.
The ogre hits you with a +0 giant club!!
You hit the ogre.
The ogre is moderately wounded.
The ogre hits you with a +0 giant club!!
* * * LOW HITPOINT WARNING * * *
Okay, then.
Aiming: Polymorph
Press: ? - help, Q - select action, (/) - cycle Shift-Dir - straight line, f - ogre
Aim: an ogre, wielding a +0 giant club (moderately wounded, haloed, will become a warg, a swamp drake, or a human, chance to affect: 49%)
Okay, then.
Unknown command.
It was a potion of might.
You feel very mighty all of a sudden. The ogre hits you with a +0 giant club!
You die...

#.....#
#(..#.###
### #.#.#
#<..#
#†#.#
#)#.#
#.#.# #
#.#.#.###
#.@O....#
###.#.#.#
..# ..
#### ##


You could see an ogre.

Vanquished Creatures
  A scorpion (D:4)
  A howler monkey (D:5)
  2 orc priests (D:4)
  A hound (D:5)
  An orc wizard (D:4)
  8 gnolls
  4 adders
  2 worms
  8 orcs
  4 ball pythons
  9 endoplasms
  3 giant cockroaches
  3 goblins
  7 hobgoblins
  5 quokkas
  2 bats (D:2)
  2 frilled lizards
  4 kobolds
  5 rats
72 creatures vanquished.

Notes
Turn   | Place    | Note
-------+----------+-------------------------------------------
     0 | D:1      | AgateBread the Ogre Monk began the quest for the Orb.
     0 | D:1      | Reached XP level 1. HP: 24/24 MP: 1/1
   142 | D:1      | Reached XP level 2. HP: 28/32 MP: 2/2
   522 | D:1      | Reached XP level 3. HP: 12/40 MP: 3/3
  1531 | D:2      | Reached XP level 4. HP: 48/49 MP: 4/4
  1687 | D:2      | Reached skill level 5 in Fighting
  2421 | D:4      | Reached XP level 5. HP: 24/57 MP: 5/5
  3092 | D:4      | Reached skill level 6 in Fighting
  3092 | D:4      | Reached XP level 6. HP: 67/67 MP: 6/6
  3617 | D:4      | Found a white marble altar of Elyvilon.
  3797 | D:5      | Entered Level 5 of the Dungeon
  3842 | D:5      | Noticed Sigmund
  3847 | D:5      | Sigmund changed into Sigmund the howler monkey
  3847 | D:5      | Noticed Sigmund
  3853 | D:5      | Killed Sigmund the howler monkey
  3868 | D:5      | Slain by an ogre

Illustrated notes

Levels and vault maps discovered:
D:1:      psy_arrival_fountain, layout_basic, nicolae_wormholes
D:2:      layout_rooms
D:3:      layout_rooms
D:4:      layout_cave_pods, lemuel_coloured_pillars_altar
D:5:      layout_basic, mainiacjoe_overflow_alcove_2, serial_shops,
          nicolae_shop_tiny_statue_garden, minmay_puff, uniq_sigmund

Skill      XL: |  1  2  3  4  5 |
---------------+----------------+-----
Dodging        | 3 4 |  4.4
Fighting       | 5 6 |  6.5
Axes           | 4 |  4.9

Action                     |  1- 3 |  4- 6 || total
---------------------------+-------+-------++-------
  Melee: Hand axe          |    93 |   158 ||   251
  Throw: Dart              |       |     4 ||     4
  Evoke: Wand              |       |     1 ||     1
    Use: Scroll            |       |     2 ||     2
         Potion            |       |     1 ||     1
 Armour: Robe              |    19 |    56 ||    75
  Dodge: Dodged            |    33 |    84 ||   117
  Block: Orb               |    19 |    29 ||    48
